Selects Terror Battlegroup
Selects Machine Gun Camouflage
Construct Infanterie Kompanie
Construct Luftwaffe Kompanie
Flak 30 Anti-aircraft Gun Team
Construct Panzergrenadier Kompanie
Nebelwerfer 42 Rocket Launcher Team
Selects Defend the Fatherland
Selects King Tiger Heavy Tank
Selects Contempt for the Weak
Selects Propaganda Leaflet Drop
Marder III M Tank Destroyer
Marder III M Tank Destroyer
Marder III M Tank Destroyer